 Dungeon Crawl Stone Soup version 0.24.0-125-gc4c63601f3 (webtiles) character file.

Game seed: 4825684681211450407, levelgen mode: deterministic

15550 Peloso the Blocker (level 12, -4/106 HPs)
             Began as a Minotaur Fighter on Mar 6, 2020.
             Was a High Priest of Okawaru.
             Slain by a spiny frog (7 damage)
             ... while petrified by a basilisk
             ... on level 2 of the Lair of Beasts.
             The game lasted 00:33:03 (14239 turns).

Peloso the Blocker (Minotaur Fighter)              Turns: 14239, Time: 00:33:04

Health: -4/106     AC: 17    Str: 23    XL:     12   Next: 2%
Magic:  11/11      EV:  2    Int:  5    God:    Okawaru [*****.]
Gold:   426        SH:  0    Dex: 18    Spells: 11/11 levels left

rFire    . . .     SeeInvis .   a - +1 scimitar (flame)
rCold    . . .     Gourm    .   c - +0 shield
rNeg     + + +     Faith    .   n - +0 plate armour
rPois    ∞         Spirit   .   (helmet restricted)
rElec    .         Reflect  +   O - +0 cloak {MR+}
rCorr    .         Harm     .   R - +0 pair of gloves {archery}
MR       +....     Rnd*Tele +   (no boots)
Stlth    ..........             s - +6 amulet of reflection
HPRegen  0.27/turn              E - +5 ring of dexterity
MPRegen  0.12/turn              J - ring of teleportation (curse)

@: petrified
A: retaliatory headbutt, horns 2
a: Heroism, Finesse, Renounce Religion


You were on level 2 of the Lair of Beasts.
You worshipped Okawaru.
Okawaru was extremely pleased with you.
You were hungry.

You visited 3 branches of the dungeon, and saw 14 of its levels.
You also visited: Gauntlet.

You collected 756 gold pieces.
You spent 330 gold pieces at shops.

Inventory:

Hand Weapons
 a - a +1 scimitar of flaming (weapon)
 b - a +0 double sword
Missiles
 C - 2 bolts
Armour
 c - a +0 shield (worn)
 n - a +0 plate armour (worn)
 O - a +0 cloak of magic resistance (worn)
 R - a +0 pair of gloves of archery (worn)
Jewellery
 q - an uncursed ring of wizardry
 s - a +6 amulet of reflection (around neck)
 E - a +5 ring of dexterity (left hand)
 J - a cursed ring of teleportation (right hand)
 L - an uncursed ring of wizardry
 M - a +5 amulet of reflection
 N - an uncursed amulet of the acrobat
Wands
 j - a wand of digging (16)
 o - a wand of iceblast (10)
 v - a wand of polymorph (3)
 w - a wand of scattershot (6)
 A - a wand of random effects (15)
 D - a wand of flame (2)
 P - a wand of paralysis (9)
 Q - a wand of acid (9)
Scrolls
 h - a scroll of enchant armour
 k - 4 scrolls of enchant weapon
 l - 4 scrolls of magic mapping
 m - 4 scrolls of teleportation
 p - 5 scrolls of identify
 y - a scroll of silence
 z - a scroll of blinking
 F - a scroll of fog
 H - 3 scrolls of remove curse
 S - a scroll of random uselessness {unknown}
Potions
 d - 2 potions of might
 e - 2 potions of berserk rage
 g - 3 potions of invisibility
 i - 7 potions of curing
 t - 7 potions of flight
 u - a potion of agility
 x - 2 potions of mutation
 B - 2 potions of haste
 I - a potion of brilliance
 K - a potion of cancellation
Miscellaneous
 G - a lightning rod (4/4)
Comestibles
 f - 19 rations


   Skills:
 + Level 9.7 Fighting
 + Level 13.2 Long Blades
 + Level 10.6 Armour
 + Level 2.3 Dodging
 + Level 0.9 Stealth
 + Level 13.3 Shields
 + Level 1.2 Invocations
 + Level 0.8 Evocations


You had 11 spell levels left.
You didn't know any spells.
Your spell library contained the following spells:

 Spells                   Type           Power        Failure   Level  Hunger
 Flame Tongue             Conj/Fire      #....        100%        1    ##.....
 Magic Dart               Conj           #...         100%        1    ##.....
 Blink                    Tloc           N/A          100%        2    ###....
 Call Imp                 Summ           #.......     100%        2    ###....
 Corpse Rot               Necr           N/A          100%        2    ###....
 Searing Ray              Conj           #.....       100%        2    ###....
 Slow                     Hex            #.......     100%        2    ###....
 Throw Flame              Conj/Fire      #.....       100%        2    ###....
 Conjure Flame            Conj/Fire      #.......     100%        3    ####...
 Dazzling Spray           Conj/Hex       #.....       100%        3    ####...
 Inner Flame              Hex/Fire       #.......     100%        3    ####...
 Mephitic Cloud           Conj/Pois/Air  #.......     100%        3    ####...
 Stone Arrow              Conj/Erth      #.....       100%        3    ####...
 Force Lance              Conj/Tloc      #.......     100%        4    #####..
 Fulminant Prism          Conj/Hex       #.........   100%        4    #####..
 Iskenderun's Mystic Bla  Conj           #.......     100%        4    #####..
 Leda's Liquefaction      Hex/Erth       #.........   100%        4    #####..
 Sticky Flame             Conj/Fire      #.......     100%        4    #####..
 Fireball                 Conj/Fire      #.........   100%        5    ######.
 Summon Forest            Summ/Tloc      #.........   100%        5    ######.
 Hydra Form               Tmut           #.........   100%        6    #######
 Summon Hydra             Summ           #.........   100%        7    #######


Dungeon Overview and Level Annotations

Branches:
Dungeon (11/15)            Temple (1/1) D:6            Lair (2/6) D:9
  Swamp (0/4) Lair:2        Snake (0/4) Lair:2          Orc (0/2) D:11
Gauntlet (visited)

Altars:
Ashenzari
Cheibriados
Dithmenos
Elyvilon
Fedhas
Gozag
Kikubaaqudgha
Makhleb
Nemelex Xobeh
Okawaru
Qazlal
Ru
Sif Muna
Trog
Vehumet
Wu Jian
Zin
The Shining One
Lugonu

Shops:
D:4 (   D:11 (

Annotations:
D:8 1 runed translucent door
D:9 2 transporters


Innate Abilities, Weirdness & Mutations

You reflexively headbutt those who attack you in melee.
You have a pair of horns on your head.


Message History

You have turned to stone.
The bullfrog hits you but does no damage.
The spiny frog stings you!
* * * LOW HITPOINT WARNING * * *
The bullfrog hits you but does no damage.
The spiny frog stings you!
* * * LOW HITPOINT WARNING * * *
The spiny frog stings you but does no damage.
The bullfrog hits you but does no damage.
The spiny frog stings you but does no damage.
The bullfrog hits you.
* * * LOW HITPOINT WARNING * * *
The spiny frog stings you!
* * * LOW HITPOINT WARNING * * *
Something bites the fungus!
The spiny frog stings you but does no damage.
The bullfrog hits you.
* * * LOW HITPOINT WARNING * * *
The spiny frog stings you!
You die...

*,,,,,,,,* **#.....,* **#[.....#*
*,........## *****
*,.........###*,#.*****
**,..........P##...,,*,*
**,,........t..P....,,,*****
**,,,.......FF.......,©,,,,,**
***,,,,.......#@......#****,,,,*
*,,,,,,.......F#....###,,,***,,,
**,,,,,,.P.......#..##,,,,,* **,*
,,,,,,,*##......##..#***,,*** *,,
,,,,,***,#......#,,##,**,,*≈****,
,,,,** *.........*,*,**≈,,,**,,*,
,,,**######...<..,,*©,**,_,,,,,*,
,,*##............,,*,,,,,,,*,,,*,
,*##......#......P,**,,,,,≈**,**,


You could see 2 spiny frogs, a crocodile and a bullfrog.

Vanquished Creatures
  A minotaur (Gauntlet)
  An ice dragon (Lair:1)
  Erica (D:9)
  Nergalle (D:11)
  A black mamba (Lair:2)
  A smoke demon (Gauntlet)
  2 spiny frogs
  An eye of devastation (Gauntlet)
  Psyche (D:11)
  A gargoyle (D:8)
  2 komodo dragons (Lair:2)
  A rime drake (Lair:1)
  2 trolls
  Prince Ribbit (D:6)
  Grinder (D:6)
  Sigmund (D:3)
  3 shadows (Gauntlet)
  2 wyverns
  A wraith (D:11)
  A golden eye (Gauntlet)
  2 hungry ghosts
  6 nagas (Lair:2)
  2 water moccasins (Lair:1)
  2 porcupines (Lair:2)
  6 ice beasts
  6 orc warriors
  A phantom (D:6)
  2 sky beasts
  2 black bears
  5 wolves (D:9)
  3 ogres
  3 centaurs
  4 crocodiles
  3 big kobolds
  5 bullfrogs
  A water moccasin zombie (D:11)
  4 scorpions
  A vampire bat (D:11)
  5 electric eels
  13 wights
  A howler monkey (D:5)
  7 crimson imps
  A quasit (D:11)
  A centaur skeleton (D:5)
  8 jellies
  10 orc priests
  5 hounds
  7 orc wizards
  Crazy Yiuf (D:6)
  2 bullfrog skeletons
  6 iguanas
  8 worker ants
  A hound zombie (D:10)
  3 hound skeletons
  A worker ant zombie (D:9)
  Robin (D:3)
  A howler monkey zombie (D:9)
  17 gnolls
  A howler monkey skeleton (D:8)
  6 adders
  2 shadow imps (D:7)
  5 oozes (D:8)
  3 adder skeletons
  3 worms
  4 dart slugs
  7 leopard geckos
  51 orcs
  3 ball pythons
  11 bats
  5 giant cockroaches
  18 goblins
  5 hobgoblins
  10 jackals
  23 kobolds
  A quokka (D:11)
  10 frilled lizards
  A leopard gecko skeleton (D:5)
  6 rats
358 creatures vanquished.

Vanquished Creatures (others)
  2 centaurs (D:10)
  A kobold (D:11)
3 creatures vanquished.

Grand Total: 361 creatures vanquished

Notes
Turn   | Place    | Note
-------+----------+-------------------------------------------
     0 | D:1      | Peloso the Minotaur Fighter began the quest for the Orb.
     0 | D:1      | Reached XP level 1. HP: 19/19 MP: 0/0
   157 | D:1      | Reached XP level 2. HP: 22/27 MP: 1/1
   467 | D:1      | Reached XP level 3. HP: 33/33 MP: 2/2
  1119 | D:2      | Reached XP level 4. HP: 20/40 MP: 3/3
  1363 | D:2      | Reached skill level 5 in Shields
  1367 | D:2      | Found a glowing golden altar of the Shining One.
  1600 | D:2      | Found an opulent altar of Gozag.
  1897 | D:3      | Found a bloodstained altar of Trog.
  1915 | D:3      | Reached XP level 5. HP: 45/46 MP: 4/4
  1941 | D:3      | Noticed Sigmund
  1967 | D:3      | Killed Sigmund
  1967 | D:3      | Reached skill level 5 in Armour
  1967 | D:3      | Reached XP level 6. HP: 41/52 MP: 5/5
  2037 | D:3      | Found a shattered altar of Ashenzari.
  2135 | D:3      | Noticed Robin
  2168 | D:3      | Killed Robin
  2759 | D:4      | Reached skill level 5 in Long Blades
  2775 | D:4      | Found Hup Esab's Antique Weapon Shoppe.
  2790 | D:4      | Bought a glowing falchion for 120 gold pieces
  2849 | D:4      | Reached skill level 1 in Dodging
  3202 | D:5      | Entered Level 5 of the Dungeon
  3202 | D:5      | Noticed an ice beast
  3291 | D:4      | Killed an ice beast
  3291 | D:4      | Reached XP level 7. HP: 27/60 MP: 6/6
  3467 | D:5      | Reached skill level 5 in Fighting
  3498 | D:5      | Found a stormy altar of Qazlal.
  3839 | D:5      | Reached XP level 8. HP: 59/68 MP: 7/7
  4185 | D:6      | Noticed Prince Ribbit
  4207 | D:6      | HP: 3/68 [Prince Ribbit (7)]
  4208 | D:6      | Killed Prince Ribbit
  4541 | D:6      | Found a staircase to the Ecumenical Temple.
  4559 | Temple   | Entered the Ecumenical Temple
  4574 | Temple   | Became a worshipper of Warmaster Okawaru
  4780 | D:6      | Found a burning altar of Makhleb.
  4823 | D:6      | Found a shimmering blue altar of Sif Muna.
  5146 | D:6      | Reached XP level 9. HP: 66/75 MP: 8/8
  5157 | D:6      | Reached * piety under Okawaru
  5508 | D:6      | Found a runed translucent door.
  5509 | D:6      | Noticed Crazy Yiuf
  5568 | D:6      | Noticed Grinder
  5589 | D:6      | Killed Grinder
  5829 | D:6      | Killed Crazy Yiuf
  6043 | D:7      | Reached skill level 10 in Long Blades
  6303 | D:7      | Found an ancient bone altar of Kikubaaqudgha.
  6360 | D:7      | Reached ** piety under Okawaru
  7180 | D:8      | Found a shadowy altar of Dithmenos.
  7196 | D:8      | Found a glowing silver altar of Zin.
  7196 | D:8      | Found a runed translucent door.
  7196 | D:8      | Noticed an angel
  7198 | D:8      | Found a snail-covered altar of Cheibriados.
  7468 | D:8      | Reached XP level 10. HP: 28/86 MP: 9/9
  8113 | D:9      | Reached skill level 10 in Shields
  8130 | D:9      | Found a sacrificial altar of Ru.
  8130 | D:9      | Noticed a gargoyle
  8154 | D:8      | Killed a gargoyle
  8154 | D:8      | Reached *** piety under Okawaru
  8626 | D:9      | Found a blossoming altar of Fedhas.
  8638 | D:9      | Found an ornate altar of the Wu Jian Council.
  8638 | D:9      | Found a glowing silver altar of Zin.
  8639 | D:9      | Found a stormy altar of Qazlal.
  8850 | D:9      | Found a staircase to the Lair.
  9081 | D:9      | Reached **** piety under Okawaru
  9155 | D:9      | Noticed Erica
  9176 | D:9      | Killed Erica
  9437 | D:9      | Found a transporter.
  9438 | D:9      | Found a transporter.
  9703 | D:10     | Entered Level 10 of the Dungeon
 10326 | D:11     | Found a burning altar of Makhleb.
 10772 | D:11     | Noticed Psyche
 10775 | D:11     | Killed Psyche
 10775 | D:11     | Reached XP level 11. HP: 95/95 MP: 10/10
 11346 | D:11     | Found Deutzuz's Weapon Shoppe.
 11385 | D:11     | Reached ***** piety under Okawaru
 11514 | D:11     | Noticed Nergalle
 11547 | D:11     | Killed Nergalle
 11968 | D:11     | Found a staircase to the Orcish Mines.
 12085 | D:11     | Bought a +0 double sword for 210 gold pieces
 12129 | Lair:1   | Entered Level 1 of the Lair of Beasts
 12414 | Lair:1   | Noticed an ice dragon
 12444 | Lair:1   | Killed an ice dragon
 12973 | Lair:2   | Found a gate leading to a gauntlet.
 12993 | Gauntlet | Entered a Gauntlet
 12993 | Gauntlet | Found a transporter.
 12993 | Gauntlet | Found a transporter.
 12993 | Gauntlet | Found a runed translucent door.
 12993 | Gauntlet | Found a runed translucent door.
 12995 | Gauntlet | Found a transporter.
 12995 | Gauntlet | Found a transporter.
 12995 | Gauntlet | Noticed an oklob plant
 12999 | Gauntlet | Found a transporter.
 12999 | Gauntlet | Found a transporter.
 13034 | Gauntlet | Found a transporter.
 13038 | Gauntlet | Found a transporter.
 13055 | Gauntlet | Found a transporter.
 13066 | Gauntlet | Found a transporter.
 13072 | Gauntlet | Found a transporter.
 13092 | Gauntlet | Found a transporter.
 13161 | Gauntlet | Reached skill level 10 in Armour
 13161 | Gauntlet | Reached skill level 1 in Invocations
 13198 | Gauntlet | Noticed a fire crab
 13198 | Gauntlet | a salamander changed into a fire crab
 13214 | Gauntlet | Noticed a death drake
 13222 | Gauntlet | Noticed a two-headed ogre
 13222 | Gauntlet | a death drake changed into a two-headed ogre
 13223 | Gauntlet | Noticed a glowing orange brain
 13223 | Gauntlet | a two-headed ogre changed into a glowing orange brain
 13846 | Gauntlet | Identified the cursed +0 hunting sling of the Warrior-Mage
                  | {venom, Dex+2}
 13846 | Gauntlet | Noticed a minotaur
 13877 | Gauntlet | Killed a minotaur
 13877 | Gauntlet | Received a gift from Okawaru
 13973 | Lair:2   | Found a staircase to the Swamp.
 13973 | Lair:2   | Identified the +4 demon whip of Lefiss {vamp, *Rage rElec
                  | rC+ rN+}
 13973 | Lair:2   | Noticed a spriggan berserker
 13973 | Lair:2   | Identified the +9 trident of Cocvamp {flame, rElec Str+5}
 13973 | Lair:2   | Noticed a spriggan rider
 13974 | Lair:2   | Identified the +2 trident of Hevvam {holy, Dex+2}
 13974 | Lair:2   | Noticed a spriggan rider
 13976 | Lair:2   | HP: 1/97 [swamp worm (13)]
 14148 | Lair:2   | Found a staircase to the Snake Pit.
 14159 | Lair:2   | Reached XP level 12. HP: 18/106 MP: 7/11
 14239 | Lair:2   | HP: 5/106 [spiny frog (5)]
 14239 | Lair:2   | Slain by a spiny frog

Levels and vault maps discovered:
D:1:      minmay_arrival_open_corners, layout_basic
D:2:      layout_basic, nicolae_gozag_seed_capital, tso_metal_star
D:3:      layout_basic, nicolae_ashenzari_panopticon, lemuel_crystal_altar,
          hangedman_decor_peaks_small, minmay_misc_feat_room, uniq_robin,
          uniq_sigmund
D:4:      layout_gridville, first_ration, serial_shops, shop
D:5:      layout_rooms, nicolae_overflow_hidden_temple, basic_altar
D:6:      layout_basic, led_sif_book, makhleb_grotto_becter,
          minmay_temple_entry_arrows, uniq_crazy_yiuf_cottage,
          uniq_prince_ribbit1, uniq_grinder
D:7:      layout_gridville, kiku_gazebo_pond_becter
D:8:      layout_cave_pools, lemuel_doored_altar, cheibriados_altar_1,
          hangedman_little_slice_of_home, lemuel_angel_altar
D:9:      gammafunk_jiyva_shrine, layout_small_grid, grunt_temple_overflow_open,
          erik_lair_island, serial_rivers, chequers_serial_rivers_micro_e,
          chequers_serial_rivers_micro_a, chequers_serial_rivers_room_b,
          chequers_serial_rivers_micro_b, chequers_serial_rivers_small_b,
          uniq_erica
D:10:     layout_loops_ring
D:11:     layout_rooms, erik_orc_2, basic_altar, serial_shops, shop,
          roderic_batcave, uniq_psyche, uniq_nergalle
Temple:   corrupted_temple
Lair:1:   dragon1_lemuel, layout_loops_ring, grunt_megastairs_1
Lair:2:   layout_hall_layers, minmay_swamp_entry_worms,
          minmay_snake_entry_guardpost_large, gammafunk_ghost_wrathful_warriors,
          gauntlet_entry_generic

Skill      XL: |  1  2  3  4  5  6  7  8  9 10 11 |
---------------+----------------------------------+-----
Shields        | 4 5 6 7 8 9 11 13 | 13.3
Armour         | 4 5 6 8 9 10 | 10.6
Fighting       | 4 5 6 7 8 9 |  9.7
Long Blades    | 3 4 5 7 9 10 12 13 | 13.2
Dodging        | 1 2 |  2.3
Invocations    | 1 |  1.2
Stealth        | |  0.9
Evocations     | |  0.8

Action                   |  1- 3 |  4- 6 |  7- 9 | 10-12 || total
-------------------------+-------+-------+-------+-------++-------
Melee: Long sword        |    71 |   146 |       |       ||   217
       Headbutt          |    10 |    29 |   127 |   151 ||   317
       Falchion          |       |    35 |   513 |   472 ||  1020
       Scimitar          |       |       |       |   129 ||   129
Invok: Heroism           |       |       |     2 |    11 ||    13
Evoke: Wand              |       |       |     2 |     9 ||    11
  Use: Potion            |       |     5 |     2 |     1 ||     8
       Scroll            |       |       |    10 |    10 ||    20
  Eat: Chunk             |     1 |     7 |    12 |    15 ||    35
       Ration            |       |       |     1 |     2 ||     3
Armor: Scale mail        |    37 |     6 |       |       ||    43
       Plate armour      |       |   123 |   202 |   127 ||   452
Dodge: Dodged            |    25 |    51 |    86 |    78 ||   240
Block: Shield            |    52 |   127 |   273 |   468 ||   920
       Reflection        |       |       |       |    19 ||    19
       Rpst.: Long sword |     6 |     9 |       |       ||    15
       Falchion          |       |     3 |    30 |    14 ||    47
       Scimitar          |       |       |       |     2 ||     2
